Map: Bel'Shir Vestige LE (Void)

Players

Fimp

  • Race: Terran Terran
  • Spawn Location: 5:00

Loken - Winner!

  • Race: Zerg Zerg
  • League: Platinum
  • Spawn Location: 11:00

VOD

Have the link to the VOD?

Description

Time

  • Played on: April 9, 2017, 4:37 p.m.
  • Length: 13:55
Show
View Real Time Build Order
Export as new Build Order

Fimp Terran 

Build Orders: MMM Bio 

Get SALT Encoding   

  12  0:01  SCV  
  13  0:13  SCV  
  14  0:21  Supply Depot  
  14  0:25  SCV  
  15  0:42  SCV  
  16  0:45  Barracks  
  16  0:54  SCV  
  17  1:01  Barracks  
  17  1:06  SCV  
  18  1:13  Refinery  
  18  1:19  SCV  
  19  1:32  Supply Depot  
  19  1:35  Marine  
  19  1:38  Orbital Command  
  20  1:48  Marine  
  21  2:00  Barracks Reactor  
  21  2:08  Marine, Command Center  
  21  2:13  SCV  
  23  2:18  Supply Depot  
  23  2:25  SCV  
  23  2:28  Marine  
  25  2:36  Marine x2  
  27  2:43  SCV, Factory  
  28  2:47  Marine  
  29  2:55  SCV  
  29  2:56  Marine  
  29  2:57  Marine  
  29  2:58  Refinery  
  32  3:10  SCV  
  33  3:13  Orbital Command  
  33  3:16  Marine  
  33  3:17  Marine  
  35  3:38  Barracks Tech Lab  
  35  3:45  Starport  
  35  3:55  Marine x2  
  35  3:59  Stimpack  
  37  4:09  Orbital Command  
  37  4:16  Marine x2  
  37  4:17  Marine  
  39  4:22  Factory Reactor  
  40  4:32  SCV  
  40  4:34  Barracks  
  40  4:38  SCV  
  42  4:39  Marine x2  
  42  4:40  Marine  
  42  4:43  Engineering Bay  
  45  4:55  Refinery, SCV  
  45  4:56  SCV  
  45  4:57  Medivac  
  46  5:06  Bunker, Marine x3  
  43  5:09  Hellion x2  
  47  5:24  Marine  
  40  5:42  Marine x3  
  32  5:43  Widow Mine  
  32  5:45  Medivac  
  32  5:50  SCV x2  
  33  5:59  Barracks Reactor  
  33  6:02  Marine x3  
  36  6:04  Combat Shields  
  36  6:07  Terran Infantry Weapons Level 1  
  36  6:08  SCV  
  36  6:09  SCV  
  38  6:15  Widow Mine, Medivac  
  38  6:16  Widow Mine  
  44  6:36  Marauder, Marine x3  
  44  6:37  Marine  
  50  6:45  Widow Mine  
  50  6:46  Widow Mine  
  54  7:13  Supply Depot  
  54  7:14  Supply Depot  
  54  7:34  SCV x2, Marine x5  
  54  7:36  Medivac  
  61  7:52  Marine  
  61  7:55  Marine x4  
  61  7:56  Widow Mine x2  
  70  8:05  Supply Depot  
  70  8:06  Supply Depot  
  72  8:27  SCV x2, Marine x3  
  72  8:28  Marine  
  72  8:29  Marauder  
  72  8:31  Hellion x2  
  82  8:40  Terran Infantry Armor Level 1  
  82  8:44  Armory  
  82  8:48  Marine x3  
  83  8:51  SCV  
  86  8:56  Supply Depot  
  86  9:18  SCV x2  
  88  9:26  Marine x5  
  88  9:28  Widow Mine  
  94  9:31  SCV  
  94  9:32  Widow Mine  
  83  9:44  Marine  
  78  9:51  Medivac  
  78  9:52  Marine x4  
  79  10:01  Marine  
  80  10:18  SCV x2  
  82  10:21  Medivac  
  82  10:22  Command Center  
  82  10:24  Marine x4  
  82  10:26  Marine  
  89  10:30  SCV  
  90  10:41  Widow Mine x2  
  94  10:45  Missile Turret  
  74  11:10  Marine x2  
  74  11:11  Marine x3  
  58  11:28  Marine x3, Medivac  
  63  11:40  SCV  
  63  11:41  SCV  
  65  11:58  Medivac  
  60  12:10  Marine x2  
  60  12:11  Marine x2  
  60  12:12  Unknown, Marine  
  60  12:14  Hellbat  
  60  12:15  Hellbat  
  63  12:31  Marine x5  
  63  12:35  Medivac  
  43  13:00  Marine  
  43  13:01  Marine x4  
  29  13:18  Marine x2  
  24  13:22  Unknown x6  
  24  13:23  Unknown x2  
Show
View Real Time Build Order
Export as new Build Order

Loken Zerg - Winner!

Build Orders: Hatch First 

Get SALT Encoding   

  12  0:01  Drone  
  13  0:09  Drone  
  14  0:17  Overlord  
  15  0:35  Drone x2  
  15  0:36  Drone  
  17  0:56  Drone  
  17  0:57  Hatchery  
  17  1:00  Drone  
  18  1:14  Spawning Pool  
  18  1:17  Drone  
  18  1:22  Extractor  
  17  1:27  Drone  
  18  1:33  Drone  
  19  1:40  Drone  
  20  1:52  Drone  
  21  2:05  Overlord  
  21  2:08  Queen x2  
  23  2:12  Drone  
  23  2:14  Zergling x2  
  27  2:24  Metabolic Boost  
  27  2:26  Overlord  
  27  2:33  Drone x2  
  29  2:53  Drone x3  
  32  3:02  Pneumatized Carapace  
  32  3:06  Drone x3  
  32  3:12  Extractor  
  34  3:22  Zergling x18  
  42  3:33  Overlord  
  42  3:51  Queen x2  
  42  3:54  Overlord  
  42  3:55  Overlord x2  
  46  3:57  Zergling x10  
  51  4:10  Spore Crawler  
  51  4:16  Spore Crawler  
  49  4:26  Zergling x2  
  49  4:27  Zergling x20  
  60  4:53  Drone x4  
  60  4:56  Hatchery  
  60  5:24  Drone x7  
  51  5:52  Drone  
  51  5:53  Drone x8  
  60  6:07  Lair  
  60  6:12  Extractor  
  60  6:14  Extractor  
  58  6:36  Zergling x22  
  58  6:37  Zergling x6  
  72  6:57  Hatchery  
  72  6:59  Hatchery  
  70  7:01  Evolution Chamber  
  70  7:03  Evolution Chamber  
  70  7:06  Spire  
  67  7:11  Infestation Pit, Drone x3  
  67  7:12  Drone x11  
  80  7:24  Extractor  
  80  7:26  Extractor  
  80  7:27  Spore Crawler  
  80  7:28  Spore Crawler  
  80  7:29  Spine Crawler  
  75  7:30  Queen  
  69  7:50  Overseer  
  68  8:08  Zerg Melee Weapons Level 1, Zerg Ground Armor Level 1  
  68  8:10  Hive  
  68  8:11  Queen  
  68  8:12  Queen  
  72  8:22  Mutalisk  
  72  8:23  Mutalisk x9  
  72  8:26  Overlord  
  92  8:27  Overlord x3  
  92  9:03  Hydralisk Den  
  91  9:19  Drone x7  
  91  9:20  Drone x11  
  90  9:39  Zergling x26  
  90  9:40  Zergling x16  
  107  9:52  Spine Crawler  
  105  9:54  Spine Crawler  
  104  10:14  Zergling x2  
  104  10:15  Zergling x42  
  104  10:21  Adrenal Glands  
  126  10:26  Overlord x2  
  126  10:55  Mutalisk  
  126  10:56  Mutalisk x7  
  126  10:57  Mutalisk  
  115  11:19  Zergling x2  
  115  11:20  Zergling x32  
  115  11:21  Zergling x6  
  135  11:42  Mutalisk x3  
  135  11:45  Overlord x4  
  135  11:46  Overlord x4  
  141  11:58  Spore Crawler  
  140  12:25  Mutalisk x11  
  140  12:26  Mutalisk x3  
  168  12:44  Overseer x2  
  168  12:45  Overseer x2  
  128  13:06  Mutalisk  
  128  13:07  Mutalisk x9  
Tags
 
Add a new tag
Caveats
  • Supply blocks, unpowered buildings, or Contaminate may cause inaccurate times.
  • Supply counts are checked every 10 seconds.